[Event "14th Chennai GM Open 2023"]
[Site "Chennai"]
[Date "2024.01.03"]
[Round "5.12"]
[White "Elgabry, Mohsen"]
[Black "Balkishan, A.."]
[Result "1-0"]
[ECO "A37"]
[WhiteElo "2160"]
[BlackElo "1855"]
[Annotator "RC"]
[PlyCount "103"]
[EventDate "2023.12.31"]
[EventType "swiss"]
[EventCountry "IND"]
[SourceTitle "playchess.com"]
[Source "ChessBase"]
[SourceQuality "1"]
[TimeControl "5400+30"]

1. Nf3 c5 2. g3 Nc6 3. c4 e5 4. d3 g6 5. Nc3 Bg7 6. Bg2 Nge7 7. Bg5 f6 8. Bd2 d6 9. O-O Be6 10. a3 O-O 11. Rb1 a5 12. Ne1 Rb8 13. Nc2 d5 14. cxd5 Nxd5 15. b4 cxb4 16. Nxd5 Bxd5 17. Bxd5+ Qxd5 18. axb4 axb4 19. Nxb4 Nxb4 20. Rxb4 Rfc8 21. Qb1 Bf8 22. Rb5 Qf7 23. Be3 Re8 24. Ba7 Ra8 25. Rxb7 Qe6 26. Rc1 Re7 27. Rxe7 Bxe7 28. Qb7 Re8 29. e3 f5 30. d4 Bd6 31. Rc6 f4 32. dxe5 fxe3 33. Bxe3 Qxe5 34. Qb3+ Re6 35. Qc4 Kf7 36. Bf4 Qe1+ 37. Kg2 Bxf4 38. Qxf4+ Kg7 39. Qd4+ Qe5 40. Rc7+ Kg8 41. Qd7 Qe4+ 42. f3 Qe2+ 43. Kh3 Qf1+ 44. Kg4 Re4+ 45. fxe4 Qe2+ 46. Kf4 Qf2+ 47. Ke5 Qb2+ 48. Qd4 Qb8 49. Qc4+ Kh8 50. Kf4 g5+ 51. Ke3 Qb6+ 52. Qd4+ 1-0

[Event "14th Chennai GM Open 2023"]
[Site "Chennai"]
[Date "2024.01.03"]
[Round "5.13"]
[White "Om Nagnath Lamkane"]
[Black "Savchenko, Boris"]
[Result "0-1"]
[ECO "B04"]
[WhiteElo "1821"]
[BlackElo "2489"]
[Annotator "TA"]
[PlyCount "72"]
[EventDate "2023.12.31"]
[EventType "swiss"]
[EventCountry "IND"]
[SourceTitle "playchess.com"]
[Source "ChessBase"]
[SourceQuality "1"]
[TimeControl "5400+30"]

1. e4 Nf6 2. e5 Nd5 3. d4 d6 4. Nf3 dxe5 5. Nxe5 c6 6. Bc4 g6 7. O-O Bg7 8. Nd2 O-O {[%emt 0:10:38] B04: Alekhine's Defence: 4 Nf3.} 9. Ndf3 a5 10. a4 {[%emt 0:00:57] [#]} b6 $146 {[%emt 0:01:42] White is slightly better.} ({Predecessor:} 10... Nd7 11. Nxd7 Bxd7 12. Re1 Bg4 13. c3 Re8 14. h3 Bxf3 15. Qxf3 e6 16. Bd2 Qd7 {1-0 Slingerland,F (2397)-Wohl,A (2375) Leiden LCT op-A 4th 2010 (5)}) 11. Qe2 Qc7 12. Bd2 e6 13. Rad1 c5 14. dxc5 {[%emt 0:04:00] Threatening Bxd5.} bxc5 15. Bb5 Bb7 16. Rfe1 Nc6 17. Nxc6 (17. c4 $5 Nxe5 18. Nxe5 $14) 17... Bxc6 18. c4 Ne7 (18... Nb4 $11) 19. Be3 (19. Ne5 $1 $16) 19... Nf5 $11 20. Bxc6 Qxc6 21. b3 Rfd8 22. Rxd8+ Rxd8 23. Rd1 Nd4 24. Bxd4 (24. Nxd4 $11 {remains equal.} cxd4 25. Bd2) 24... cxd4 $17 25. Rd3 $2 {[%emt 0:02:24] [#] Dodges e5. This move loses the game for White.} (25. Kf1 $17 {was worth a try.}) 25... e5 $1 $19 {[%emt 0:00:25][%mdl 512] White must now prevent ...e4.} 26. Nd2 (26. Rd1 e4) 26... f5 {[%emt 0:00:22] White is weak on the dark squares} 27. f3 $2 (27. Nf1 {is the only way for White.}) 27... Re8 28. Kh1 (28. Qe1 $142) 28... e4 29. fxe4 fxe4 30. Rh3 e3 {[%emt 0:00:26] Hoping for ...d3.} 31. Nf3 Qe4 {[%emt 0:00:27] ( -> ...d3)} 32. Rh4 {[%emt 0:01:09] [#]} Qxh4 $3 33. Nxh4 {[%emt 0:00:31] [#]} d3 $1 {[%emt 0:00:06][%mdl 576] Promotion} 34. Qxd3 e2 35. Qd5+ Kh8 36. c5 e1=Q# {[%emt 0:00:10] Magnificent play by Savchenko!   Weighted Error Value: White=1.13/Black=0.36} 0-1

[Event "14th Chennai GM Open 2023"]
[Site "Chennai"]
[Date "2024.01.03"]
[Round "5.14"]
[White "Shaun Deon Sequeira"]
[Black "Nitin, S.."]
[Result "1/2-1/2"]
[ECO "B32"]
[WhiteElo "1838"]
[BlackElo "2385"]
[Annotator "RC"]
[PlyCount "70"]
[EventDate "2023.12.31"]
[EventType "swiss"]
[EventCountry "IND"]
[SourceTitle "playchess.com"]
[Source "ChessBase"]
[SourceQuality "1"]
[TimeControl "5400+30"]

1. e4 c5 2. Nf3 Nc6 3. d4 cxd4 4. Nxd4 e5 5. Nb5 d6 6. N1c3 a6 7. Na3 Be6 8. Nc4 Rb8 9. Ne3 Nf6 10. Be2 b5 11. O-O Be7 12. a4 Nd4 13. Bd3 O-O 14. Ncd5 Nc6 15. axb5 axb5 16. Bd2 Nd7 17. b4 Bg5 18. Ra6 Bxe3 19. fxe3 Nb6 20. Bxb5 Bxd5 21. exd5 Ne7 22. Bd3 Nbxd5 23. b5 Qc7 24. c4 Nb6 25. Qc2 f5 26. Bb4 e4 27. Be2 Ned5 28. Qb3 Nxb4 29. Qxb4 Rf6 30. Rd1 Qc5 31. Qxc5 dxc5 32. Ra7 Rf7 33. Ra6 Rf6 34. Ra7 Rf7 35. Ra6 Rf6 1/2-1/2

[Event "14th Chennai GM Open 2023"]
[Site "Chennai"]
[Date "2024.01.03"]
[Round "6.1"]
[White "Khusenkhojaev, Muhammad"]
[Black "Nguyen, Duc Hoa"]
[Result "0-1"]
[ECO "A64"]
[WhiteElo "2366"]
[BlackElo "2322"]
[Annotator "RC"]
[PlyCount "116"]
[EventDate "2023.12.31"]
[EventType "swiss"]
[EventCountry "IND"]
[SourceTitle "playchess.com"]
[Source "ChessBase"]
[SourceQuality "1"]
[TimeControl "5400+30"]

1. d4 Nf6 2. c4 e6 3. g3 c5 4. d5 exd5 5. cxd5 d6 6. Nc3 g6 7. Bg2 Bg7 8. Nf3 O-O 9. O-O Re8 10. Nd2 a6 11. a4 Nbd7 12. h3 Rb8 13. Nc4 Ne5 14. Na3 Nh5 15. e4 Bd7 16. a5 b5 17. axb6 Bb5 18. Naxb5 axb5 19. Nxb5 Qxb6 20. Na3 Qb3 21. g4 Nf6 22. Qxb3 Rxb3 23. Bd2 Reb8 24. Bc3 Ne8 25. Rfd1 g5 26. Ra2 Nd7 27. Bxg7 Kxg7 28. Nc4 R8b4 29. Bf1 Nb6 30. Ne3 Rxe4 31. Bd3 Re5 32. Bc2 Rb4 33. b3 Kf6 34. Ra7 Re7 35. Rxe7 Kxe7 36. Ra1 Nc7 37. Ra7 Kd8 38. Bxh7 Rxb3 39. h4 gxh4 40. g5 Rb4 41. Bf5 Nc4 42. Ng4 Rb3 43. Nh6 Ne5 44. f4 Rg3+ 45. Kh1 Nf3 46. Ra1 Nxd5 47. Bg4 Kc7 48. Bxf3 Rxf3 49. Ra7+ Kb6 50. Rd7 Kc6 51. Rxf7 Nxf4 52. Nf5 Kd5 53. Rf6 c4 54. Ne7+ Kc5 55. g6 c3 56. Rf5+ Kd4 57. g7 c2 58. g8=Q Rh3+ 0-1

[Event "14th Chennai GM Open 2023"]
[Site "Chennai"]
[Date "2024.01.03"]
[Round "6.2"]
[White "Elgabry, Mohsen"]
[Black "Srihari L R"]
[Result "1/2-1/2"]
[ECO "A87"]
[WhiteElo "2160"]
[BlackElo "2467"]
[Annotator "TA"]
[PlyCount "60"]
[EventDate "2023.12.31"]
[EventType "swiss"]
[EventCountry "IND"]
[SourceTitle "playchess.com"]
[Source "ChessBase"]
[SourceQuality "1"]
[TimeControl "5400+30"]

1. Nf3 f5 2. g3 Nf6 3. Bg2 g6 4. c4 Bg7 5. Nc3 O-O 6. O-O d6 7. d4 e6 8. a4 {[%emt 0:06:20] 8.Re1 gains popularity. A87: Dutch Defence: Leningrad System: 5 Nf3.} a5 {[%emt 0:06:52] [#]} 9. c5 $146 ({Predecessor:} 9. b3 Nc6 10. Ba3 Ne4 11. Qd3 Nxc3 12. Qxc3 Qf6 13. Rad1 g5 14. e3 Re8 15. Ne1 e5 {0-1 Hansen,C (2625)-Kristiansen,J (2412) DEN-ch Svendborg 2015 (6)}) 9... Na6 10. cxd6 cxd6 11. Nb5 Nb4 ({Black should play} 11... Nc7 $11) 12. Bf4 $14 Ra6 13. Ne1 (13. Rc1 $5 ) 13... Nfd5 14. Bd2 Bd7 15. Nc2 Qb6 {[%emt 0:00:00] [#]} (15... Bc6 $11 {remains equal.}) 16. Nca3 $1 $16 Rc8 17. e3 ({Better is} 17. Qb3 $16) 17... Nf6 $11 {[%emt 0:00:00] The position is equal.} 18. Qb3 d5 $1 19. Rfc1 Nc6 20. Qd1 Bf8 21. Bf1 Raa8 22. Be1 Be7 23. Nb1 Qd8 24. Nd2 Nb4 25. Nb3 b6 26. Nd2 Rxc1 27. Rxc1 Na2 28. Ra1 Nb4 29. Nf3 Rc8 30. Ne5 Be8 {[%emt 0:00:00] Weighted Error Value: White=0.12 (very precise) /Black=0.13 (very precise)} 1/2-1/2

[Event "14th Chennai GM Open 2023"]
[Site "Chennai"]
[Date "2024.01.03"]
[Round "6.3"]
[White "Fedorov, Alexei"]
[Black "Ziatdinov, Raset"]
[Result "1-0"]
[ECO "C54"]
[WhiteElo "2454"]
[BlackElo "2100"]
[Annotator "RC"]
[PlyCount "85"]
[EventDate "2023.12.31"]
[EventType "swiss"]
[EventCountry "IND"]
[SourceTitle "playchess.com"]
[Source "ChessBase"]
[SourceQuality "1"]
[TimeControl "5400+30"]

1. e4 e5 2. Nf3 Nc6 3. Bc4 Bc5 4. c3 Nf6 5. d3 O-O 6. Bg5 h6 7. Bh4 Be7 8. Nbd2 d6 9. a4 Be6 10. Bxf6 Bxf6 11. Bxe6 fxe6 12. h4 Be7 13. b4 Qd7 14. O-O Rf7 15. g3 Raf8 16. Kg2 Bd8 17. Nh2 Ne7 18. Qg4 Rf6 19. h5 c6 20. a5 Bc7 21. Qe2 Bb8 22. d4 exd4 23. cxd4 a6 24. f4 Ba7 25. Rad1 R6f7 26. Nc4 Rd8 27. Nf3 Rff8 28. Nh4 Qc8 29. e5 dxe5 30. dxe5 Rd5 31. Nd6 Qd7 32. Ng6 Nxg6 33. hxg6 Rd8 34. Rxd5 cxd5 35. f5 exf5 36. Rxf5 Bb8 37. Rf7 Qe6 38. Nf5 Kh8 39. Qh5 Qxe5 40. Rxg7 Qxg7 41. Nxg7 Kxg7 42. Qf5 Rf8 43. Qe6 1-0

[Event "14th Chennai GM Open 2023"]
[Site "Chennai"]
[Date "2024.01.03"]
[Round "6.4"]
[White "Pawar, Harshit"]
[Black "Manik, Mikulas"]
[Result "1/2-1/2"]
[ECO "B23"]
[WhiteElo "1945"]
[BlackElo "2343"]
[Annotator "RC"]
[PlyCount "60"]
[EventDate "2023.12.31"]
[EventType "swiss"]
[EventCountry "IND"]
[SourceTitle "playchess.com"]
[Source "ChessBase"]
[SourceQuality "1"]
[TimeControl "5400+30"]

1. e4 c5 2. Nc3 Nc6 3. Bb5 Nd4 4. Bc4 Nf6 5. Nge2 a6 6. a4 e6 7. O-O d5 8. exd5 exd5 9. Ba2 Bg4 10. f3 Be6 11. d3 Bd6 12. Bg5 O-O 13. Nxd4 cxd4 14. Ne2 Rc8 15. Bb3 Bc5 16. Qd2 Re8 17. Kh1 Rc6 18. Qf4 h6 19. Bxf6 Qxf6 20. Qxf6 gxf6 21. Nf4 Kg7 22. Rae1 Bb4 23. Rd1 Bd6 24. Ne2 Bc5 25. Rde1 Rd8 26. Nf4 Bb4 27. Rd1 Bd6 28. Ne2 Bc5 29. Nf4 Bd6 30. Ne2 Bc5 1/2-1/2

[Event "14th Chennai GM Open 2023"]
[Site "Chennai"]
[Date "2024.01.03"]
[Round "6.5"]
[White "Aakash G"]
[Black "Laxman, R.R."]
[Result "1/2-1/2"]
[ECO "E32"]
[WhiteElo "1823"]
[BlackElo "2338"]
[Annotator "RC"]
[PlyCount "129"]
[EventDate "2023.12.31"]
[EventType "swiss"]
[EventCountry "IND"]
[SourceTitle "playchess.com"]
[Source "ChessBase"]
[SourceQuality "1"]
[TimeControl "5400+30"]

1. d4 Nf6 2. c4 e6 3. Nc3 Bb4 4. Qc2 b6 5. a3 Bxc3+ 6. Qxc3 Bb7 7. Bg5 h6 8. Bh4 g5 9. Bg3 Ne4 10. Qc2 d6 11. e3 Nd7 12. Nf3 f5 13. Bd3 Qf6 14. O-O-O O-O-O 15. Ne1 h5 16. f3 Nxg3 17. hxg3 h4 18. gxh4 Rxh4 19. Rxh4 gxh4 20. d5 Rf8 21. dxe6 Qxe6 22. Qf2 f4 23. Qxh4 Qxe3+ 24. Kb1 Qe5 25. Qg4 Bc6 26. Bc2 Qf6 27. Nd3 a5 28. Re1 Qf7 29. Qe6 Qxe6 30. Rxe6 Nc5 31. Re2 Nxd3 32. Bxd3 Re8 33. Kc2 Rxe2+ 34. Bxe2 Kd7 35. b4 Ke6 36. Bd3 Ke5 37. Kc3 Bd7 38. Bc2 axb4+ 39. axb4 c5 40. bxc5 bxc5 41. Be4 Be6 42. Bd3 Kf6 43. Kd2 Kg5 44. Ke1 Kh4 45. Kf2 d5 46. cxd5 Bxd5 47. Be4 Bb3 48. Bh7 Bd5 49. Be4 Ba2 50. Bc6 c4 51. Be4 Bb3 52. Bd5 Ba2 53. Be4 c3 54. Bd3 Bb3 55. Ke2 Kg3 56. Be4 Kxg2 57. Kd3 c2 58. Kd2 Kf2 59. Bc6 Kg3 60. Kc1 Kh4 61. Kd2 Kg5 62. Kc1 Kf6 63. Be4 Ke5 64. Bxc2 Bxc2 65. Kxc2 1/2-1/2

[Event "14th Chennai GM Open 2023"]
[Site "Chennai"]
[Date "2024.01.03"]
[Round "6.6"]
[White "Aronyak Ghosh"]
[Black "Nithin Babu"]
[Result "1-0"]
[ECO "A38"]
[WhiteElo "2545"]
[BlackElo "2177"]
[Annotator "TA"]
[PlyCount "93"]
[EventDate "2023.12.31"]
[EventType "swiss"]
[EventCountry "IND"]
[SourceTitle "playchess.com"]
[Source "ChessBase"]
[SourceQuality "1"]
[TimeControl "5400+30"]

1. Nf3 Nf6 2. c4 g6 3. b3 Bg7 4. Bb2 O-O 5. g3 c5 6. Bg2 d6 7. O-O e5 8. Nc3 Nc6 9. d3 h6 10. Nd2 Be6 {[%emt 0:03:31] A38: Symmetrical English vs ...g6: 4 Bg2 Bg7 5 Nf3 Nf6.} 11. Nde4 Ne8 {[%emt 0:03:52] 11...Qd7 is the modern continuation.} 12. Nd5 Ne7 {[%emt 0:05:36] The position is equal.} 13. Nxe7+ Qxe7 {[%emt 0:00:03] [#]} 14. a3 $146 ({Predecessor:} 14. Qd2 f5 15. Nc3 Nf6 16. Rab1 Kh7 17. a3 Rad8 18. b4 b6 19. Nd5 Nxd5 20. cxd5 {½-½ Bendig,F (2309)-Eckhardt,T (2449) W-ch32 sf09 email 2008}) 14... Rb8 15. b4 b6 16. Qd2 f5 17. Nc3 Nf6 18. Rab1 h5 19. bxc5 dxc5 20. e4 {[%emt 0:07:48][%cal Be2e4,Be4d5][%mdl 32] [#]} h4 21. Nd5 ({But not} 21. gxh4 Nh5 $11) 21... Nxd5 22. exd5 Bd7 23. f4 hxg3 (23... exf4 $1 $11 {keeps the balance.} 24. Rfe1 (24. Qxf4 Rbe8 $11) (24. Rxf4 Bxb2 25. Rxb2 hxg3 $11) 24... Qd6 25. Qxf4 (25. gxf4 Bxb2 26. Rxb2 Rbe8 $11) 25... Qxf4 26. gxf4 Bxb2 27. Rxb2 Rfe8) 24. hxg3 ({Only move:} 24. fxe5 $1 $16 gxh2+ 25. Kh1) 24... exf4 $11 25. Rbe1 Qd6 26. Bxg7 Kxg7 27. gxf4 Rbe8 28. Re5 Rxe5 29. Qb2 $1 {[%emt 0:00:43][%mdl 64] Pin} Rfe8 30. Re1 {[%emt 0:00:05][%mdl 64] Pin} Kf6 31. Kf2 {[%emt 0:00:43] [#]} (31. Bf1 $1 $11 Qb8 32. fxe5+ Rxe5 33. Qh2) 31... g5 $1 $15 32. fxe5+ Rxe5 33. Bh3 Be8 34. Kg3 ({White should try} 34. Bg2 $15) 34... Bh5 {[%emt 0:01:49] Threatens to win with ...f4+.} 35. Kf2 Bg6 (35... f4 $1 $17 {...g4 would be deadly.} 36. Bd7 Bg6) 36. a4 f4 (36... Qc7 $15) 37. Be6 (37. Bg4 $1 $11 {was the only way to keep the balance.}) 37... Bf5 $17 (37... Bxd3 38. Qc3 Bg6 39. Qh3 $15) 38. Rh1 $2 (38. Bg8 $17 {was worth a try.}) 38... Bxe6 $19 ({Weaker is} 38... Bxd3 39. Qc3 Be4 40. Rh8 $11) 39. Rh6+ Ke7 40. Qa1 $2 {[%emt 0:01:03] [#]} (40. dxe6 Qd4+ 41. Qxd4 cxd4 42. Rg6) 40... g4 $1 {[%emt 0:05:35] White must now prevent ...g3+.} 41. Qh1 g3+ 42. Kf1 {[%emt 0:00:01] [#]} Kd8 $2 43. d4 $16 {[%emt 0:01:22] Some like it hot} Rg5 {[%emt 0:02:03] [#] Strongly threatening ...g2+.} (43... cxd4 $2 44. dxe6 $18) 44. Qh4 $1 g2+ $2 (44... Bh3+ $16 45. Kg1 Qe7 46. Rh8+ Kc7) 45. Kg1 $18 {[%emt 0:00:02][%cal Oh6e6] White is clearly winning.} Qe7 46. Rxe6 Qg7 47. Re5 {[%emt 0:00:09] White used his chance. Artfully played by Aronyak Ghosh.   Weighted Error Value: White=0.59/Black=0.26 (precise)} (47. Qxf4 Qxd4+ 48. Qxd4 cxd4 $15) 1-0

[Event "14th Chennai GM Open 2023"]
[Site "Chennai"]
[Date "2024.01.03"]
[Round "6.7"]
[White "Savchenko, Boris"]
[Black "Matta, Vinay Kumar"]
[Result "1-0"]
[ECO "E73"]
[WhiteElo "2489"]
[BlackElo "2132"]
[Annotator "TA"]
[PlyCount "63"]
[EventDate "2023.12.31"]
[EventType "swiss"]
[EventCountry "IND"]
[SourceTitle "playchess.com"]
[Source "ChessBase"]
[SourceQuality "1"]
[TimeControl "5400+30"]

1. d4 Nf6 2. c4 g6 3. Nc3 Bg7 4. e4 d6 5. Be2 O-O 6. g4 e5 7. d5 $1 Na6 {[%emt 0:00:29] E73: King's Indian: Averbakh Variation without 6...c5.} 8. g5 (8. h4 $14 {is more appropriate.}) 8... Nd7 $11 9. Be3 f5 {[%emt 0:02:14] The position is equal.} 10. gxf6 Nxf6 {[%emt 0:01:10] [#]} 11. h4 $146 ({Predecessor:} 11. h3 c6 12. dxc6 bxc6 13. Qd2 Qe7 14. O-O-O Rd8 15. Bg5 Nc7 16. h4 Be6 17. h5 {½-½ Pisu,R (2223)-Craciun,A (2090) Arad op 13th 2020 (8)}) 11... Nc5 12. Bf3 (12. Bxc5 $11 dxc5 13. h5) 12... a5 (12... c6 $5) 13. h5 gxh5 $1 14. Bxc5 dxc5 15. Bxh5 Nxh5 (15... Ra6 $15 {keeps the upper hand.} 16. Be2 Rb6) 16. Qxh5 $16 {[%emt 0:00:00] Black is on the road to losing.} h6 17. Nf3 Qf6 (17... Ra6 $16 {might work better.}) 18. Ke2 $18 Bd7 19. Rag1 {[%emt 0:00:00][%csl LRe5,LRh6] Strongly threatening Rg6.} Be8 20. Qh3 (20. Qxe5 $2 {perishes.} Qxf3+ 21. Kd2 Rf7 $19) 20... Ra6 21. Rg3 Bg6 $2 (21... Rd6 22. Rhg1 Rf7) 22. Rhg1 Qf7 23. Nb5 {[%emt 0:00:00] aiming for Kd1.} Rf6 $2 {[%emt 0:03:59] [#]} (23... Kh8 24. Nxc7 Qxc7) 24. Nxc7 $1 {[%emt 0:00:00][%mdl 576] Deflection} Qxc7 25. Rxg6 Rxg6 26. Rxg6 Rf4 {[%emt 0:00:12] Black is weak on the light squares} (26... Qf7 $142) 27. Ke3 Kh7 (27... Rf6 $142) 28. Qh5 a4 29. Ng5+ {[%emt 0:00:00] White mates.} Kh8 30. Rxh6+ Bxh6 31. Qxh6+ Kg8 32. Qg6+ {[%emt 0:00:00] A cool game by Savchenko.   Weighted Error Value: White=0.57/Black=0.89} 1-0

[Event "14th Chennai GM Open 2023"]
[Site "Chennai"]
[Date "2024.01.03"]
[Round "6.8"]
[White "Kulkarni, Vinayak"]
[Black "Glek, Igor"]
[Result "0-1"]
[ECO "A87"]
[WhiteElo "1976"]
[BlackElo "2429"]
[Annotator "RC"]
[PlyCount "70"]
[EventDate "2023.12.31"]
[EventType "swiss"]
[EventCountry "IND"]
[SourceTitle "playchess.com"]
[Source "ChessBase"]
[SourceQuality "1"]
[TimeControl "5400+30"]

1. Nf3 f5 2. g3 Nf6 3. Bg2 g6 4. O-O Bg7 5. d4 O-O 6. c4 d6 7. b4 c6 8. a4 e5 9. dxe5 dxe5 10. Qb3 e4 11. Rd1 Qe7 12. Nd4 Rd8 13. e3 Kh8 14. Bb2 Nbd7 15. Na3 Ne5 16. c5 Nd3 17. Bc3 a5 18. bxa5 Nd5 19. Bf1 Nxc5 20. Qc2 Nxc3 21. Qxc3 Ne6 22. Nac2 c5 23. Qa3 Bf6 24. Nxe6 Rxd1 25. Rxd1 Bxe6 26. Na1 Rxa5 27. Nb3 Ra8 28. Bb5 b6 29. Nc1 Qg7 30. Rd2 Bc3 31. Rc2 Bb4 32. Qb2 Qxb2 33. Rxb2 Rd8 34. Na2 Rd2 35. Rxb4 Bxa2 0-1

[Event "14th Chennai GM Open 2023"]
[Site "Chennai"]
[Date "2024.01.03"]
[Round "6.9"]
[White "Jake Shanty"]
[Black "Viani Antonio Dcunha"]
[Result "1/2-1/2"]
[ECO "D40"]
[WhiteElo "1903"]
[BlackElo "2407"]
[Annotator "RC"]
[PlyCount "102"]
[EventDate "2023.12.31"]
[EventType "swiss"]
[EventCountry "IND"]
[SourceTitle "playchess.com"]
[Source "ChessBase"]
[SourceQuality "1"]
[TimeControl "5400+30"]

1. c4 e6 2. d4 Nf6 3. Nf3 d5 4. e3 Be7 5. Nc3 O-O 6. Bd3 c5 7. cxd5 exd5 8. dxc5 Nbd7 9. O-O Nxc5 10. Be2 Nce4 11. Bd2 Nxd2 12. Qxd2 Ne4 13. Qc2 Nxc3 14. Qxc3 Bf6 15. Qd2 Qb6 16. Nd4 Rd8 17. Rac1 Be5 18. Rfd1 g6 19. Bf3 Qf6 20. Qe2 h5 21. Rd2 Kg7 22. Nb5 Bf5 23. Rcd1 a6 24. Nd4 Be4 25. Nb3 Bxf3 26. Qxf3 Bxb2 27. Rxd5 b6 28. Qxf6+ Bxf6 29. Kf1 Rxd5 30. Rxd5 Rc8 31. Ke2 Rc4 32. Rd2 Ra4 33. Kd3 g5 34. h3 h4 35. Rc2 Be5 36. Nd2 f6 37. Nc4 Bc7 38. Nd2 Bd6 39. Nc4 Bc5 40. Nd2 Kg6 41. Nb3 Be7 42. Nd4 Bd6 43. Ke4 Be5 44. Kd5 b5 45. Nc6 Bh2 46. Ke6 Re4+ 47. Kd5 Ra4 48. Ke6 Re4+ 49. Kd5 f5 50. Nd4 Re5+ 51. Kc6 g4 1/2-1/2

[Event "14th Chennai GM Open 2023"]
[Site "Chennai"]
[Date "2024.01.03"]
[Round "6.10"]
[White "Podolchenko, Evgeniy"]
[Black "Sriram Adarsh Uppala"]
[Result "1/2-1/2"]
[ECO "D31"]
[WhiteElo "2376"]
[BlackElo "1900"]
[Annotator "RC"]
[PlyCount "84"]
[EventDate "2023.12.31"]
[EventType "swiss"]
[EventCountry "IND"]
[SourceTitle "playchess.com"]
[Source "ChessBase"]
[SourceQuality "1"]
[TimeControl "5400+30"]

1. d4 d5 2. c4 e6 3. Nc3 a6 4. cxd5 exd5 5. Qb3 c5 6. dxc5 Bxc5 7. Qxd5 Qb6 8. e3 Nf6 9. Qb3 Qxb3 10. axb3 Nc6 11. Bd2 Bf5 12. Bb5 Rc8 13. Bxc6+ Rxc6 14. Nf3 Bc2 15. b4 Bb6 16. b5 Rc8 17. bxa6 bxa6 18. Rxa6 Bc5 19. Na4 Be7 20. Nd4 Bd3 21. Ra7 Nd5 22. Bc3 O-O 23. Kd2 Be4 24. f3 Bg6 25. Nb6 Nxb6 26. Rxe7 Nc4+ 27. Ke2 Rfe8 28. Rxe8+ Rxe8 29. Kf2 Rxe3 30. Re1 Rxe1 31. Kxe1 Bd3 32. Kf2 f6 33. Ne6 Kf7 34. Nf4 Bc2 35. Ke2 g5 36. Nd5 f5 37. Nb4 Bb1 38. Nc6 h5 39. b3 Nd6 40. Nd4 f4 41. h4 gxh4 42. Bd2 Nf5 1/2-1/2

[Event "14th Chennai GM Open 2023"]
[Site "Chennai"]
[Date "2024.01.03"]
[Round "6.11"]
[White "Majumder Shrayan"]
[Black "Shahil Dey"]
[Result "1/2-1/2"]
[ECO "E52"]
[WhiteElo "1916"]
[BlackElo "2368"]
[Annotator "RC"]
[PlyCount "61"]
[EventDate "2023.12.31"]
[EventType "swiss"]
[EventCountry "IND"]
[SourceTitle "playchess.com"]
[Source "ChessBase"]
[SourceQuality "1"]
[TimeControl "5400+30"]

1. d4 Nf6 2. c4 e6 3. Nc3 Bb4 4. Bd2 O-O 5. Nf3 d5 6. e3 b6 7. cxd5 exd5 8. Bd3 Bb7 9. O-O Re8 10. Rc1 a6 11. Ne5 Bd6 12. f4 c5 13. Qf3 Nc6 14. Qh3 g6 15. g4 cxd4 16. Nxc6 Bxc6 17. exd4 Ne4 18. Nxe4 dxe4 19. Bc4 Ra7 20. f5 Bc5 21. Be3 Bxd4 22. fxg6 Bxe3+ 23. Qxe3 hxg6 24. Rcd1 Qc8 25. Qg5 Kg7 26. Qf6+ Kh7 27. Qh4+ Kg7 28. Qf6+ Kh7 29. Qh4+ Kg7 30. Qf6+ Kh7 31. Qg5 1/2-1/2

[Event "14th Chennai GM Open 2023"]
[Site "Chennai"]
[Date "2024.01.03"]
[Round "6.12"]
[White "Sharnarthi Shlok"]
[Black "Saravana, Krishnan P."]
[Result "1/2-1/2"]
[ECO "B13"]
[WhiteElo "1832"]
[BlackElo "2269"]
[Annotator "RC"]
[PlyCount "89"]
[EventDate "2023.12.31"]
[EventType "swiss"]
[EventCountry "IND"]
[SourceTitle "playchess.com"]
[Source "ChessBase"]
[SourceQuality "1"]
[TimeControl "5400+30"]

1. e4 c6 2. d4 d5 3. exd5 cxd5 4. Bd3 Nf6 5. h3 Nc6 6. c3 g6 7. Bf4 Bf5 8. Nf3 Qb6 9. b4 Bxd3 10. Qxd3 Bg7 11. Nbd2 O-O 12. O-O Rac8 13. Rfe1 Qd8 14. Ne5 Nh5 15. Bh2 Bxe5 16. dxe5 d4 17. Nf3 dxc3 18. Qxc3 Qb6 19. Qd2 Ng7 20. Re4 Rcd8 21. Qc3 Ne6 22. Bf4 Rd5 23. Be3 Qd8 24. a4 Rd3 25. Qc4 Qd7 26. Kh2 Rc8 27. Rc1 Rc7 28. Qa2 Rd1 29. Rxd1 Qxd1 30. b5 Na5 31. Bxa7 Rc1 32. Re1 Qc2 33. Qxc2 Rxc2 34. Ra1 Kf8 35. Bb6 Nc4 36. Nd4 Rb2 37. Nxe6+ fxe6 38. Bc5 Rc2 39. Bd4 Rd2 40. Bc5 Rc2 41. Ba7 Rb2 42. Bd4 Rd2 43. Bc3 Rc2 44. Bb4 b6 45. Kg3 1/2-1/2

[Event "14th Chennai GM Open 2023"]
[Site "Chennai"]
[Date "2024.01.03"]
[Round "6.13"]
[White "Haridev S"]
[Black "Murugan, Krishnamoorthy"]
[Result "1/2-1/2"]
[ECO "B30"]
[WhiteElo "1647"]
[BlackElo "2238"]
[Annotator "RC"]
[PlyCount "243"]
[EventDate "2023.12.31"]
[EventType "swiss"]
[EventCountry "IND"]
[SourceTitle "playchess.com"]
[Source "ChessBase"]
[SourceQuality "1"]
[TimeControl "5400+30"]

1. e4 c5 2. Nf3 Nc6 3. c4 d6 4. d4 Bg4 5. d5 Nd4 6. Nbd2 g6 7. Bd3 Bg7 8. O-O Nf6 9. h3 Nxf3+ 10. Nxf3 Bxf3 11. Qxf3 Nd7 12. Qe2 O-O 13. Be3 Re8 14. f4 e6 15. dxe6 Rxe6 16. f5 gxf5 17. Qh5 Qe8 18. Rxf5 Ne5 19. Rd1 Qc6 20. Rdf1 Rf8 21. Bc2 Qe8 22. Bg5 Rg6 23. b3 Qe6 24. Qh4 Bh6 25. Bxh6 Rxh6 26. Rg5+ Kh8 27. Qf4 Rg8 28. Rxg8+ Kxg8 29. Bd1 Kg7 30. Qg5+ Rg6 31. Qe3 Rf6 32. Re1 Rh6 33. Rf1 Rf6 34. Re1 Rh6 35. Be2 Qe7 36. Rf1 Qh4 37. Bd1 Rg6 38. Kh2 Qg5 39. Qxg5 Rxg5 40. g4 Rg6 41. Kg3 Rf6 42. Rf5 h6 43. h4 Re6 44. g5 hxg5 45. Rxg5+ Rg6 46. Kf4 Kf6 47. Rf5+ Ke6 48. Rg5 Nd3+ 49. Ke3 Rxg5 50. hxg5 Nb4 51. a3 Nc6 52. Kf4 a5 53. Bg4+ Ke7 54. Bd1 Ne5 55. Kf5 a4 56. bxa4 b6 57. Be2 Nc6 58. Bd3 Nd4+ 59. Kf4 Ke6 60. Bf1 Nc6 61. Bh3+ Ke7 62. Kf5 Ne5 63. Bf1 Kf8 64. Be2 Kg7 65. Bf1 Nc6 66. Bd3 Nd4+ 67. Kf4 f6 68. gxf6+ Kxf6 69. Bf1 Ne6+ 70. Kf3 Ke5 71. Ke3 Nf8 72. Bd3 Nd7 73. Be2 Nb8 74. Bd1 Nc6 75. Be2 Nd4 76. Bd3 Kf6 77. Kf4 Nc6 78. Bf1 Ne5 79. Be2 Ke6 80. Bf1 Ng6+ 81. Kg5 Nh8 82. Kf4 Kf6 83. Bd3 Ng6+ 84. Ke3 Ne5 85. Bf1 Kg5 86. Be2 Nc6 87. e5 Nxe5 88. Ke4 Kf6 89. Bf1 Ke7 90. Be2 Kd7 91. Bf1 Kc6 92. Be2 Nd7 93. Bf1 d5+ 94. cxd5+ Kd6 95. Bg2 Nf6+ 96. Kd3 Nxd5 97. Bh1 Ne7 98. Kc4 Ng6 99. Kb5 Kc7 100. a5 bxa5 101. Kxc5 Ne7 102. Kb5 Kb8 103. a4 Ka7 104. Kxa5 Nf5 105. Kb5 Nd4+ 106. Kc4 Ne6 107. Kd5 Nc7+ 108. Kc6 Ne6 109. Kd6 Nd4 110. Kd5 Nb3 111. Kc4 Nd2+ 112. Kc3 Nf1 113. Be4 Ne3 114. Kd4 Ng4 115. Bf5 Nf2 116. Bc2 Kb6 117. Ke3 Ng4+ 118. Kf4 Nf6 119. Ke3 Nd7 120. Kd4 Nc5 121. Bd1 Nxa4 122. Bxa4 1/2-1/2